 Dungeon Crawl Stone Soup version 0.32-a0-918-g0f22ef8d61 (webtiles) character file.

Game seed: 3735632131270182266

429 pokedragonboy the Conjurer (level 6, -4/32 HPs)
             Began as a Deep Elf Conjurer on Apr 12, 2024.
             Slain by a gnoll sergeant
             ... wielding a +0 spear
              (7 damage)
             ... on level 5 of the Dungeon.
             The game lasted 00:06:52 (4539 turns).

pokedragonboy the Conjurer (Deep Elf Conjurer)      Turns: 4539, Time: 00:06:53

Health: -4/32      AC:  3    Str:  4    XL:     6   Next: 66%
Magic:  8/16       EV: 12    Int: 25    God:
Gold:   181        SH:  0    Dex: 19    Spells: 7/16 levels left

rFire   . . .        a - staff of conjuration
rCold   + . .        (no shield)
rNeg    . . .        u - +0 robe
rPois   .            (no helmet)
rElec   .            k - +0 cloak
rCorr   .            (no gloves)
SInv    .            (no boots)
Will    .....        (no amulet)
Stlth   ++           g - +6 ring of dexterity
HPRegen 0.25/turn    r - ring of protection from cold
MPRegen 0.15/turn

%: no passive effects
@: no status effects
A: no striking features
a: no special abilities


You were on level 5 of the Dungeon.
You visited 1 branch of the dungeon, and saw 5 of its levels.

You collected 181 gold pieces.

Inventory:

Hand Weapons
 l - a +1 short sword
Armour
 k - a +0 cloak (worn)
 u - a +0 robe (worn)
Magical Staves
 a - a staff of conjuration (weapon)
Jewellery
 g - a +6 ring of dexterity (left hand)
 r - a ring of protection from cold (right hand)
Scrolls
 h - a scroll of enchant weapon
 i - a scroll of blinking {unknown}
 m - a scroll of immolation
 n - a scroll of brand weapon {unknown}
 o - a scroll of summoning {unknown}
 p - 2 scrolls of teleportation {unknown}
 q - a scroll of amnesia {unknown}
 v - a scroll of vulnerability
 w - a scroll of fog {unknown}
 x - a scroll of fear {unknown}
Potions
 b - a potion of magic
 c - a potion of enlightenment {unknown}
 d - 2 potions of curing
 f - 2 potions of lignification
 j - 2 potions of berserk rage {unknown}
 s - a potion of heal wounds {unknown}
 t - a potion of brilliance {unknown}


   Skills:
 - Level 2.4 Dodging
 - Level 2.4 Stealth
 + Level 5.9 Spellcasting
 * Level 7.5 Conjurations
 + Level 1.3 Necromancy


You had 7 spell levels left.
You knew the following spells:

 Your Spells              Type           Power      Damage    Failure   Level
a - Magic Dart            Conj           100%       1d8       1%          1
b - Searing Ray           Conj           100%       2d8       1%          2
d - Iskenderun's Mystic Conj/Tloc 39%            2d9        (+2d4     16%         4
m - Sublimation of Blood  Necr           14%        N/A       6%          2

Your spell library contained the following spells:

 Spells                   Type           Power      Damage    Failure   Level
 Kiss of Death            Conj/Necr      100%       2d13      1%          1
 Call Imp                 Summ           14%        N/A       12%         2
 Fugue of the Fallen      Necr           14%        N/A       13%         3
 Fulminant Prism          Conj/Alch      19%        3d10      16%         4
 Confusing Touch          Hex            7%         N/A       22%         3
 Ozocubu's Armour         Ice            7%         N/A       22%         3
 Dispel Undead            Necr           14%        3d10      38%         4
 Manifold Assault         Tloc           3%         N/A       100%        7
 Summon Hydra             Summ           3%         N/A       100%        7


Dungeon Overview and Level Annotations

Branches:
Dungeon (5/15)
 Temple: D:4-7

Altars:
Trog
Xom


Message History

The gnoll is almost dead.
The searing ray hits the gnoll!
The gnoll is heavily wounded. (Press . to maintain the ray.)
The searing ray misses the gnoll. x2
The gnoll hits you from afar with a +0 spear!
Unknown command.
The searing ray hits the gnoll!
You kill the gnoll!
The gnoll hits you from afar with a +0 spear.
The searing ray hits the gnoll!
The gnoll is heavily wounded.
You finish channelling your searing ray.
The gnoll misses you.
Unknown command.
Casting: Searing Ray (safe; 1% risk of failure)
Confirm with . or Enter, or press ? or * to list all spells.
Aiming: Searing Ray (safe; 1% risk of failure)
Press: ? - help, Shift-Dir - straight line, f - gnoll sergeant
Aim: a gnoll sergeant, wielding a +0 spear and wearing a +0 ring mail (87% to hit)
You feel a surge of power!
The searing ray hits the gnoll!
You kill the gnoll!
The searing ray misses the gnoll.
The searing ray hits the gnoll sergeant.
The gnoll sergeant is lightly wounded. (Press . to maintain the ray.)
The gnoll misses you.
Unknown command.
The searing ray hits the gnoll sergeant!
The gnoll sergeant is severely wounded.
The gnoll hits you from afar with a +0 spear.
The gnoll sergeant hits you from afar with a +0 spear!
* * * LOW HITPOINT WARNING * * *
Unknown command.
The searing ray hits the gnoll sergeant!
The gnoll sergeant is almost dead.
The gnoll hits you from afar with a +0 spear.
* * * LOW HITPOINT WARNING * * *
The gnoll sergeant hits you from afar with a +0 spear!
You die...

#.....#.g... #....
#.....#....g +....
#.....#.g...#########....
#.....#..................
#.....#..g...............
#.....######.............
#.....##..g'.............
#........)g#.........#'##
#.......@..#####.....#...
#..............###'###...
#.....##...##...'........
#.._..#######..##........
#.....# #..##...##...
#.....# #..##...##...
#.....# #.......##...
####### #............
##########...


You could see a gnoll sergeant and a gnoll.

Vanquished Creatures
  Sigmund (D:3)
  2 bombardier beetles (D:4)
  2 iguanas (D:4)
  An orc wizard (D:3)
  2 gnolls (D:5)
  An adder (D:3)
  3 dart slugs
  8 orcs
  11 endoplasms
  4 giant cockroaches
  8 goblins
  3 hobgoblins
  6 jackals
  6 kobolds
  3 quokkas
  7 ball pythons
  5 bats
  4 frilled lizards
  9 rats
86 creatures vanquished.

Notes
Turn   | Place    | Note
-------+----------+-------------------------------------------
     0 | D:1      | pokedragonboy the Deep Elf Conjurer began the quest for the
                  | Orb.
     0 | D:1      | Reached XP level 1. HP: 10/10 MP: 6/6
   241 | D:1      | Reached XP level 2. HP: 15/15 MP: 6/8
   249 | D:1      | Learned a level 2 spell: Searing Ray
   635 | D:1      | Reached skill level 5 in Conjurations
  1053 | D:1      | Reached XP level 3. HP: 19/19 MP: 5/10
  1608 | D:2      | Found a faded altar of an unknown god.
  1816 | D:2      | Found a shimmering altar of Xom.
  1993 | D:3      | Noticed Sigmund
  2134 | D:3      | Killed Sigmund
  2135 | D:3      | Reached skill level 5 in Spellcasting
  2135 | D:3      | Reached skill level 6 in Conjurations
  2135 | D:3      | Reached XP level 4. HP: 21/24 MP: 4/13
  2135 | D:3      | Reached XP level 5. HP: 25/28 MP: 4/14
  2138 | D:3      | Learned a level 2 spell: Sublimation of Blood
  2143 | D:3      | Learned a level 4 spell: Iskenderun's Mystic Blast
  3272 | D:4      | Reached skill level 7 in Conjurations
  3282 | D:4      | Reached XP level 6. HP: 32/32 MP: 8/16
  3780 | D:4      | Reached skill level 1 in Necromancy
  4363 | D:5      | Entered Level 5 of the Dungeon
  4502 | D:5      | Found a bloodstained altar of Trog.
  4539 | D:5      | Slain by a gnoll sergeant

Illustrated notes

Levels and vault maps discovered:
D:1:      minmay_arrival_diagonal_passages, layout_basic, minmay_misc_feat_iff
D:2:      layout_basic, basic_altar, basic_ecumenical_altar,
          serial_corexii_hall, chequers_hall_statues_wall_a,
          chequers_hall_statues_wall_a
D:3:      layout_loops_ring, serial_aquarium, aquarium_bridge_square
          [aquarium_subvault_balcony, aquarium_subvault_wall,
          aquarium_subvault_wall, aquarium_subvault_bridge],
          aquarium_bridge_square [aquarium_subvault_window,
          aquarium_subvault_bridge, aquarium_subvault_wall,
          aquarium_subvault_balcony], aquarium_window_2, aquarium_window_corner,
          aquarium_window_double, aquarium_window_fake, aquarium_view_2e,
          aquarium_view_2g, aquarium_balcony_3b, nicolae_titane, uniq_sigmund
D:4:      layout_basic, serial_corexii_hall, corexii_hall_statues_i,
          chequers_hall_statues_wall_a, minmay_gold_behind_fungi,
          corexii_item_surrounded_by_moat, st_stairs_7, minivault_19,
          grunt_decor_cap
D:5:      layout_gridville, bloody_trog

Skill      XL: |  1  2  3  4  5  6 |
---------------+-------------------+-----
Conjurations   | 5 6 7 |  7.5
Spellcasting   | 5 |  5.9
Necromancy     | 1 |  1.3
Dodging        | |  2.4
Stealth        | |  2.4

Action                     |  1- 3 |  4- 6 || total
---------------------------+-------+-------++-------
  Melee: Short sword       |     1 |       ||     1
   Cast: Magic Dart        |    90 |    46 ||   136
         Searing Ray       |     1 |    12 ||    13
    Use: Scroll            |     1 |     6 ||     7
 Armour: Robe              |    10 |    12 ||    22
  Dodge: Dodged            |     9 |     5 ||    14

Table legend: (Time is in decaauts)
 A = Elapsed time spent in this place.
 B = Non-inter-level travel time spent in this place.
 C = Inter-level travel time spent in this place.
 D = Time resting spent in this place.
 E = Time spent auto-exploring this place.
 F = Levels seen in this place.
 G = Mean time per level.
                   A        B        C        D        E       F      G
               +--------+--------+--------+--------+--------+-----+--------+
         Total |   4536 |   4361 |    175 |    143 |   3761 |   5 |  907.2 |
       Dungeon |   4536 |   4361 |    175 |    143 |   3761 |   5 |  907.2 |
               +--------+--------+--------+--------+--------+-----+--------+

Top non-repeatable levels by time:
     D:3: 1214 daAuts
     D:1: 1124 daAuts
     D:4: 1113 daAuts
     D:2: 908 daAuts
     D:5: 175 daAuts
